 Dungeon Crawl Stone Soup version 0.30.0-29-ga12c61a403 (webtiles) character file.

Game seed: 1109778089413650639

1117 MacCMillion the Ruffian (level 8, -7/70 HPs)
             Began as a Troll Gladiator on June 18, 2023.
             Was a Follower of Okawaru.
             Killed from afar by an electric eel (10 damage)
             ... with a bolt of electricity
             ... on level 6 of the Dungeon.
             The game lasted 00:07:34 (4209 turns).

MacCMillion the Ruffian (Troll Gladiator)           Turns: 4209, Time: 00:07:35

Health: -7/70      AC:  4    Str: 25    XL:     8   Next: 12%
Magic:  7/7        EV: 10    Int:  4    God:    Okawaru [*.....]
Gold:   147        SH:  5    Dex: 11    Spells: 7/7 levels left

rFire   . .          .
                       - Unarmed
rCold   . . .        (no shield)
rNeg    . . .        a - +0 robe
rPois   .            b - +0 hat
rElec   .            (no cloak)
rCorr   .            (gloves unavailable)
SInv    .            (boots unavailable)
Will    .....        e - amulet of reflection
Stlth   +            (no ring)
HPRegen 1.11/turn    (no ring)
MPRegen 0.10/turn

%: reflection
@: no status effects
A: large, unfitting armour, claws 3, regeneration 1, shaggy fur 1, tough skin 1
a: Renounce Religion, Heroism


You were on level 6 of the Dungeon.
You worshipped Okawaru.
Okawaru was aware of your devotion.
You visited 2 branches of the dungeon, and saw 7 of its levels.

You collected 219 gold pieces.
You spent 72 gold pieces at shops.

Inventory:

Missiles
 c - 3 throwing nets
 g - 5 poisoned darts
 y - 5 atropa-tipped darts
 z - 10 boomerangs (quivered)
Armour
 a - a +0 robe (worn)
 b - a +0 hat (worn)
Jewellery
 e - an amulet of reflection (around neck)
 q - an amulet of the acrobat
 x - an amulet of guardian spirit
Wands
 d - a wand of flame (19)
Scrolls
 h - a scroll of noise
 i - a scroll of torment {unknown}
 k - 2 scrolls of fear {unknown}
 o - 2 scrolls of enchant armour {unknown}
 s - 2 scrolls of teleportation {unknown}
 t - a scroll of immolation {unknown}
 v - a scroll of vulnerability {unknown}
 w - 2 scrolls of poison {unknown}
Potions
 f - 2 potions of magic
 j - a potion of heal wounds
 l - a potion of invisibility {unknown}
 m - 4 potions of degeneration
 n - 6 potions of curing
 p - a potion of mutation {unknown}
 u - a potion of brilliance {unknown}


   Skills:
 - Level 1.5 Fighting
 + Level 6.4 Throwing
 - Level 2.4 Dodging
 + Level 7.4 Unarmed Combat


You had 7 spell levels left.
You didn't know any spells.
Your spell library contained the following spells:

 Spells                   Type           Power      Damage    Failure   Level
 Lesser Beckoning         Tloc           0%         N/A       65%         2
 Gell's Gravitas          Tloc           0%         N/A       86%         3
 Teleport Other           Tloc           0%         N/A       86%         3
 Volatile Blastmotes      Fire/Tloc      0%         2d10      86%         3
 Fulminant Prism          Conj/Hex       0%         3d5       99%         4
 Iskenderun's Mystic Bla  Conj/Tloc      0%         2d3       99%         4
 Lee's Rapid Deconstruct  Erth           0%         3d4*      100%        5


Dungeon Overview and Level Annotations

Branches:
Dungeon (6/15)             Temple (1/1) D:4

Altars:
Ashenzari
Cheibriados
Elyvilon
Fedhas
Gozag
Kikubaaqudgha
Nemelex Xobeh
Okawaru
Ru
Sif Muna
Uskayaw
Vehumet
Wu Jian
Xom
Yredelemnul

Shops:
D:3 ?

Annotations:
D:4 3 runed translucent doors, klichko's ghost, amateur SpHu
D:5 Eustachio


Innate Abilities, Weirdness & Mutations

You are too large for most types of armour.
You have claws for hands.
Your natural rate of healing is unusually fast.
You are covered in fur. (AC +1)
You have tough skin. (AC +1)


Message History

Press: ? - help, Shift-Dir - straight line, f - Eustachio
Aim: Eustachio, wielding a +0 rapier and wearing a +0 leather armour (48% to hit)
You throw a large rock. The large rock hits Eustachio!
Eustachio is moderately wounded.
You hear a splash.
Eustachio casts a spell.
Okay, then.
Throw: 10 boomerangs
Press: ? - help, Q - select action, (/) - cycle Shift-Dir - straight line, f/p - Eustachio
Aim: Eustachio, wielding a +0 rapier and wearing a +0 leather armour (moderately wounded, 48% to hit)
You throw a boomerang.
The boomerang completely misses Eustachio.
You block the bat's attack.
You are too injured to fight recklessly!
You are too injured to fight recklessly!
You are too injured to fight recklessly!
You closely miss the bat. The bat hits you.
Eustachio mumbles some strange words.
Eustachio blinks!
The shadow imp shouts, "Give up, thou grime-gilt fool-born swadder!"
You are too injured to fight recklessly!
The bat hits you.
There is a stone staircase leading down here.
The bat hits you but does no damage.
You climb downwards.
The electric eel shoots out a bolt of lightning at you!
The bolt of electricity hits you!
* * * LOW HITPOINT WARNING * * *
There is a stone staircase leading up here.
The electric eel shoots out a bolt of lightning at you!
The bolt of electricity hits you.
* * * LOW HITPOINT WARNING * * *
The electric eel shoots out a bolt of lightning at you!
The bolt of electricity hits you!
* * * LOW HITPOINT WARNING * * *
The electric eel shoots out a bolt of lightning at you!
The bolt of electricity misses you.
The electric eel shoots out a bolt of lightning at you!
The bolt of electricity hits you!
You die...

~~≈.S.#
~~≈P...
.~≈≈~..##
~~≈~~...#
≈≈≈~....#
~≈≈~...<#
~≈≈~....#
≈≈≈~....#
≈≈P~~..@#
≈≈~....+#
≈≈P~...
≈≈~....
≈S≈.~..
≈≈≈#...
≈≈≈#...
≈≈ #...


You could see an electric eel.

Vanquished Creatures
  Sigmund (D:2)
  Edmund (D:5)
  A water moccasin (D:5)
  3 scorpions
  A howler monkey (D:5)
  3 hounds
  An orc priest (D:3)
  A jelly (D:5)
  A gnoll bouda (D:4)
  2 iguanas
  10 adders
  7 gnolls (D:4)
  A white imp (D:5)
  2 ufetubi
  3 worms
  5 dart slugs
  6 orcs
  14 ball pythons
  7 bats
  8 endoplasms
  2 giant cockroaches
  7 goblins
  8 hobgoblins
  4 jackals
  4 quokkas
  5 frilled lizards
  5 kobolds
  10 rats
123 creatures vanquished.

Notes
Turn   | Place    | Note
-------+----------+-------------------------------------------
     0 | D:1      | MacCMillion the Troll Gladiator began the quest for the
                  | Orb.
     0 | D:1      | Reached XP level 1. HP: 19/19 MP: 0/0
   212 | D:1      | Reached XP level 2. HP: 26/27 MP: 1/1
   709 | D:1      | Reached XP level 3. HP: 33/33 MP: 2/2
   897 | D:2      | Noticed Sigmund
  1117 | D:2      | Killed Sigmund
  1118 | D:2      | Reached skill level 4 in Unarmed Combat
  1118 | D:2      | Reached XP level 4. HP: 39/41 MP: 3/3
  1118 | D:2      | Reached XP level 5. HP: 45/48 MP: 4/4
  1347 | D:2      | Reached skill level 5 in Unarmed Combat
  2023 | D:3      | Reached XP level 6. HP: 47/55 MP: 5/5
  2160 | D:3      | You fall into a shaft and drop 2 floors!
  2160 | D:5      | Entered Level 5 of the Dungeon
  2253 | D:4      | Found a runed translucent gate.
  2253 | D:4      | Found a runed translucent gate.
  2254 | D:4      | Found a runed translucent gate.
  2475 | D:4      | Found a staircase to the Ecumenical Temple.
  2528 | Temple   | Entered the Ecumenical Temple
  2575 | Temple   | Became a worshipper of Warmaster Okawaru
  2653 | D:4      | Reached skill level 5 in Throwing
  2707 | D:4      | Reached skill level 6 in Unarmed Combat
  2711 | D:4      | Reached XP level 7. HP: 43/62 MP: 6/6
  2885 | D:4      | Found an ornate altar of the Wu Jian Council.
  2885 | D:4      | Found a hide-covered altar of Uskayaw.
  2974 | D:4      | Noticed klichko's ghost (amateur SpHu)
  3591 | D:5      | Noticed Eustachio
  3821 | D:3      | Found Wyur's Magic Scroll Shoppe.
  3841 | D:3      | Bought a scroll of identify for 24 gold pieces
  3841 | D:3      | Bought a scroll of identify for 24 gold pieces
  3841 | D:3      | Bought a scroll of identify for 24 gold pieces
  4113 | D:5      | Found a snail-covered altar of Cheibriados.
  4155 | D:5      | Reached skill level 7 in Unarmed Combat
  4163 | D:5      | Noticed Edmund
  4178 | D:5      | Reached XP level 8. HP: 60/70 MP: 7/7
  4185 | D:5      | Killed Edmund
  4185 | D:5      | Reached * piety under Okawaru
  4208 | D:6      | HP: 2/70 [electric eel/bolt of electricity (12)]
  4209 | D:6      | Killed from afar by an electric eel

Illustrated notes

Levels and vault maps discovered:
D:1:      spicycebolla_arrival_xxxplode, layout_basic,
          amcnicky_mini_corridor_feature, moated_statue, minmay_tall_x
D:2:      minmay_recursive_quarters, layout_loops_ring, uniq_sigmund
D:3:      layout_rooms, serial_shops, shop, supply_closet_lemuel
D:4:      layout_cave_pods, mainiacjoe_overflow_large_starburst, temple_hall,
          gammafunk_ghost_necromancy, nicolae_half_adder
D:5:      layout_loops_ring, lemuel_round_altar,
          mainiacjoe_overflow_tiny_flanked, kennysheep_slug_shrine,
          kennysheep_opposing_triangles, uniq_edmund, uniq_eustachio
D:6:      layout_gridville, nicolae_tso_swordbearing_angel, chequers_big_river,
          small_statue_intersection, nicolae_figureground_pulse
Temple:   nicolae_temple_bog_church

Skill      XL: |  1  2  3  4  5  6  7 |
---------------+----------------------+-----
Throwing       | 2 3 4 5 6 |  6.4
Unarmed Combat | 4 5 6 7 |  7.4
Fighting       | |  1.5
Dodging        | |  2.4

Action                     |  1- 3 |  4- 6 |  7- 9 || total
---------------------------+-------+-------+-------++-------
  Melee: Unarmed           |    75 |   166 |    97 ||   338
         Punch             |     1 |     3 |     3 ||     7
  Throw: Throwing net      |     2 |       |       ||     2
         Large rock        |     1 |       |     1 ||     2
         Dart              |       |       |     3 ||     3
         Boomerang         |       |       |     1 ||     1
    Use: Scroll            |       |       |     5 ||     5
   Stab: Sleeping          |     1 |     1 |     1 ||     3
 Armour: Robe              |    18 |    49 |    12 ||    79
  Dodge: Dodged            |    33 |    83 |    32 ||   148
  Block: Other             |    12 |    40 |    19 ||    71
